 Dungeon Crawl Stone Soup version 0.24.0-123-gd5b16e6ec5 (webtiles) character file.

Game seed: 16119991097929316210, levelgen mode: deterministic

455 Elellon the Chopper (level 6, -10/56 HPs)
             Began as a Minotaur Fighter on Jan 2, 2020.
             Killed by nerve-wracking pain
             ... invoked by an orc priest
              (13 damage)
             ... on level 4 of the Dungeon.
             The game lasted 00:08:30 (2939 turns).

Elellon the Chopper (Minotaur Fighter)              Turns: 2939, Time: 00:08:30

Health: -10/56     AC:  7    Str: 23    XL:     6   Next: 76%
Magic:  5/5        EV:  7    Int:  5    God:
Gold:   206        SH:  9    Dex:  9    Spells: 5/5 levels left

rFire    . . .     SeeInvis .   a - +1 war axe
rCold    . . .     Gourm    .   c - +0 shield
rNeg     . . .     Faith    .   b - +0 scale mail
rPois    .         Spirit   .   (helmet restricted)
rElec    .         Reflect  .   (no cloak)
rCorr    .         Harm     .   (no gloves)
MR       .....                  (no boots)
Stlth    ..........             (no amulet)
HPRegen  0.18/turn              (no ring)
MPRegen  0.09/turn              (no ring)

@: no status effects
A: retaliatory headbutt, horns 2
a: no special abilities


You were on level 4 of the Dungeon.
You were hungry.

You visited 1 branch of the dungeon, and saw 4 of its levels.

You collected 206 gold pieces.

Inventory:

Hand Weapons
 a - a +1 war axe (weapon)
 r - a +1 trident of flaming
Missiles
 o - 40 poisoned darts (quivered)
Armour
 b - a +0 scale mail (worn)
 c - a +0 shield (worn)
Jewellery
 k - a +5 ring of dexterity
 m - an uncursed ring of flight {unknown}
 s - a cursed amulet of inaccuracy {unknown}
Scrolls
 g - a scroll of enchant weapon
 i - 3 scrolls of identify
 n - a scroll of immolation
 p - a scroll of teleportation
Potions
 d - 2 potions of might
 e - a potion of lignification {unknown}
 h - a potion of heal wounds {unknown}
 j - a potion of brilliance {unknown}
 l - 3 potions of curing
 q - a potion of berserk rage {unknown}
Comestibles
 f - 3 rations


   Skills:
 + Level 5.0 Fighting
 * Level 7.1(7.3) Axes
   Level 2.3(5.1) Maces & Flails
 + Level 0.7 Throwing
 - Level 3.7 Armour
 + Level 0.3 Stealth
 - Level 4.0 Shields


You had 5 spell levels left.
You didn't know any spells.
Your spell library was empty.

Dungeon Overview and Level Annotations

Branches:
Dungeon (4/15)
 Temple: D:4-7

Altars:
Cheibriados
Ru
Sif Muna


Innate Abilities, Weirdness & Mutations

You reflexively headbutt those who attack you in melee.
You have a pair of horns on your head.


Message History

You block the orc priest's attack.
An orc comes into view.
It is wielding a +0 short sword of draining.
You slash the orc!
You kill the orc!
You slash the orc priest! You barely miss the orc priest.
The orc priest mumbles some strange prayers to Beogh against you.
Beogh smites you!
The orc priest mumbles some strange prayers to Beogh against you.
Pain shoots through your body!
* * * LOW HITPOINT WARNING * * *
The orc wizard gestures wildly while chanting.
The orc wizard blinks!
The orc priest invokes the aid of Beogh against you.
Beogh smites you!
* * * LOW HITPOINT WARNING * * *
The orc priest calls upon Beogh to heal the orc priest.
The orc priest is healed somewhat.
The orc priest mumbles some strange prayers to Beogh against you.
Pain shoots through your body!
You die... ... #... ..# #..# #.# #.# #..# ###.####.## #.# #..# #..oo..o... ##.###..# #.#o# oW..

##.......# #.#o# .#.#
#...###.#######.#.# .....
#...............@.# .....
#...##.....####.#.# ......
...........# #.#.###...#
##(###.<.#.####.#(......##.
#...............>.(.......
#.#######.#)##.#####.#....
#.# #.#.##... .. . #.#
#.#.#####.. >.# #.#
#.#.#####^... .#


You could see 3 orc priests and an orc wizard.

Vanquished Creatures
  A phantom (D:4)
  A scorpion (D:4)
  A hound (D:4)
  2 orc wizards
  A worker ant (D:4)
  4 gnolls
  7 adders
  4 worms
  3 dart slugs
  10 orcs
  A ball python (D:3)
  8 bats
  4 giant cockroaches
  11 goblins
  6 hobgoblins
  6 jackals
  4 frilled lizards
  6 kobolds
  8 rats
88 creatures vanquished.

Notes
Turn   | Place    | Note
-------+----------+-------------------------------------------
     0 | D:1      | Elellon the Minotaur Fighter began the quest for the Orb.
     0 | D:1      | Reached XP level 1. HP: 19/19 MP: 0/0
   139 | D:1      | Reached XP level 2. HP: 21/27 MP: 1/1
   300 | D:1      | Reached skill level 3 in Axes
   561 | D:2      | Found a snail-covered altar of Cheibriados.
   568 | D:2      | Reached XP level 3. HP: 29/33 MP: 2/2
   781 | D:2      | Reached skill level 4 in Axes
  1151 | D:2      | Reached XP level 4. HP: 40/40 MP: 3/3
  1422 | D:3      | Reached skill level 5 in Axes
  1657 | D:3      | Reached XP level 5. HP: 28/47 MP: 4/4
  1669 | D:3      | Reached skill level 1 in Maces & Flails
  2009 | D:3      | Found a sacrificial altar of Ru.
  2094 | D:3      | Reached skill level 6 in Axes
  2485 | D:4      | Found a shimmering blue altar of Sif Muna.
  2567 | D:4      | Reached XP level 6. HP: 31/53 MP: 5/5
  2930 | D:4      | Reached skill level 5 in Fighting
  2930 | D:4      | Reached skill level 7 in Axes
  2937 | D:4      | HP: 2/56 [orc priest/divine providence (13)]
  2939 | D:4      | Killed from afar by an orc priest

Levels and vault maps discovered:
D:1:      wander_arrival_fairy_ring, layout_basic
D:2:      layout_loops_corners, cheibriados_altar_1, minmay_crystal_room,
          kennysheep_generic_room_2
D:3:      layout_loops_ring, old_standard_altar, first_ration
D:4:      layout_loops_ring, tgw_sif, fedhas_altar_4, uniq_eustachio

Skill      XL: |  1  2  3  4  5  6 |
---------------+-------------------+-----
Shields        | 4 |  4.0
Fighting       | 4 5 |  5.0
Axes           | 3 4 5 6 7 |  7.1
Maces & Flails | 1 2 |  2.3
Throwing       | |  0.7
Armour         | |  3.7
Stealth        | |  0.3

Action                   |  1- 3 |  4- 6 || total
-------------------------+-------+-------++-------
Melee: War axe           |   111 |    14 ||   125
       Headbutt          |    12 |    30 ||    42
       Whip              |       |   176 ||   176
Throw: Dart              |       |     8 ||     8
  Use: Scroll            |       |     7 ||     7
  Eat: Chunk             |     1 |     5 ||     6
Armor: Scale mail        |    52 |    60 ||   112
Dodge: Dodged            |    34 |    44 ||    78
Block: Shield            |    63 |    94 ||   157
